| TOP OF THE 1ST |
|
Hartford Yard Goats batting - Pitching for Hagerstown Suns : RHP Matt Seivert
|
|
Pitching: RHP Matt Seivert
|
|
|
Batting: LHB Nick Martin
|
0-0: Called Strike 0-1: Ground out 6-3 (Groundball, 6, EV 84.4 MPH)
|
|
Batting: RHB Matviy Oliynyk
|
0-0: Called Strike 0-1: Ball 1-1: Called Strike 1-2: Strikes out swinging
|
|
Batting: RHB Andy Rayer
|
0-0: Called Strike 0-1: Ground out 6-3 (Groundball, 56, EV 84.4 MPH)
|
| Top of the 1st over - 0 runs, 0 hits, 0 errors, 0 left on base; Hartford 0 - Hagerstown 0 |
| BOTTOM OF THE 1ST |
|
Hagerstown Suns batting - Pitching for Hartford Yard Goats : RHP Dave Shanks
|
|
Pitching: RHP Dave Shanks
|
|
|
Batting: RHB John McNeill
|
0-0: Ground out 5-3 (Groundball, 56, EV 79.4 MPH)
|
|
Batting: RHB Antonio Vallez
|
0-0: Called Strike 0-1: Fly out, F7 (Flyball, 7, EV 86.9 MPH)
|
|
Batting: LHB Chance McWilliams
|
0-0: Fly out, F9 (Flyball, 9, EV 88.8 MPH)
|
| Bottom of the 1st over - 0 runs, 0 hits, 0 errors, 0 left on base; Hartford 0 - Hagerstown 0 |
| TOP OF THE 2ND |
|
Hartford Yard Goats batting - Pitching for Hagerstown Suns : RHP Matt Seivert
|
|
Batting: LHB Georges Lambert
|
0-0: Called Strike 0-1: Foul Ball, location: 2F 0-2: Ball 1-2: Strikes out swinging
|
|
Batting: SHB Ken Griffey IV
|
0-0: Foul Ball, location: 2F 0-1: Called Strike 0-2: Strikes out looking
|
|
Batting: RHB Willie Benito
|
0-0: Ball 1-0: Fly out, F9 (Line Drive, 9, EV 90.6 MPH)
|
| Top of the 2nd over - 0 runs, 0 hits, 0 errors, 0 left on base; Hartford 0 - Hagerstown 0 |
| BOTTOM OF THE 2ND |
|
Hagerstown Suns batting - Pitching for Hartford Yard Goats : RHP Dave Shanks
|
|
Batting: RHB Nick Moreno
|
0-0: SOLO HOME RUN (Flyball, 7LD, EV 96.2 MPH), Distance : 349 ft
|
|
Batting: RHB Seth Rutz
|
0-0: Ball 1-0: Foul Ball, location: 2F 1-1: Ball 2-1: Foul Ball, location: 2F 2-2: Foul Ball, location: 2F 2-2: Ball 3-2: Base on Balls
|
|
Batting: RHB Deshawn Boseman
|
0-0: Ball Wild Pitch! Seth Rutz to second 1-0: Called Strike 1-1: Called Strike 1-2: Ball 2-2: Foul Ball, location: 2F 2-2: Foul Ball, location: 2F 2-2: Strikes out looking
|
|
Batting: RHB Jim Towle
|
0-0: Swinging Strike 0-1: SINGLE (Groundball, 6MS, EV 70.0 MPH) (infield hit) Seth Rutz to third
|
|
Batting: RHB Bryan Wheeler
|
0-0: Ball 1-0: Called Strike 1-1: Ball 2-1: DOUBLE (Line Drive, 3D, EV 100.0 MPH) Seth Rutz scores Jim Towle to third
|
|
Batting: RHB Jelexiz Cuenca
|
0-0: DOUBLE (Line Drive, 89XD, EV 101.2 MPH) Jim Towle scores Bryan Wheeler scores
|
|
Batting: RHB John McNeill
|
0-0: Foul Ball, location: 2F 0-1: Foul Ball, location: 2F 0-2: Foul Ball, location: 2F 0-2: DOUBLE (Line Drive, 89D, EV 103.8 MPH) Jelexiz Cuenca scores
|
|
Batting: RHB Antonio Vallez
|
0-0: Ball 1-0: Called Strike 1-1: Foul Ball, location: 2F 1-2: DOUBLE (Line Drive, 8RXD, EV 101.9 MPH) John McNeill scores
|
|
Pitching: RHP Tanner Brazeal
|
|
|
Batting: LHB Chance McWilliams
|
0-0: Ball 1-0: Ball 2-0: Ball 3-0: Called Strike 3-1: Called Strike 3-2: Ground out U3 (Groundball, 34, EV 90.0 MPH) Antonio Vallez to third
|
|
Batting: RHB Nick Moreno
|
0-0: Ball 1-0: Ball 2-0: Ball 3-0: Base on Balls
|
|
Batting: RHB Seth Rutz
|
0-0: Swinging Strike 0-1: Fielders Choice at 2nd, 6-4 (Groundball, 6, EV 85.6 MPH)
|
| Bottom of the 2nd over - 6 runs, 6 hits, 0 errors, 2 left on base; Hartford 0 - Hagerstown 6 |
| TOP OF THE 3RD |
|
Hartford Yard Goats batting - Pitching for Hagerstown Suns : RHP Matt Seivert
|
|
Batting: RHB Yamashita Yagi
|
0-0: Ball 1-0: Foul Ball, location: 2F 1-1: Fly out, F9 (Flyball, 89M, EV 91.9 MPH)
|
|
Batting: SHB Justin Jackson
|
0-0: Ball 1-0: Called Strike 1-1: Foul Ball, location: 2F 1-2: Ball 2-2: Hit by Pitch
|
|
Batting: RHB Ighlas Mwara
|
0-0: Swinging Strike 0-1: Grounds into double play, 4-6-3 (Groundball, 4, EV 101.9 MPH)
|
| Top of the 3rd over - 0 runs, 0 hits, 0 errors, 0 left on base; Hartford 0 - Hagerstown 6 |
| BOTTOM OF THE 3RD |
|
Hagerstown Suns batting - Pitching for Hartford Yard Goats : RHP Tanner Brazeal
|
|
Batting: RHB Deshawn Boseman
|
0-0: Fly out, F3 (Line Drive, 3, EV 66.2 MPH)
|
|
Batting: RHB Jim Towle
|
0-0: Ball 1-0: Called Strike 1-1: Ball 2-1: Swinging Strike 2-2: Ball 3-2: Foul Ball, location: 2F 3-2: SINGLE (Groundball, 56S, EV 67.5 MPH) (infield hit)
|
|
Batting: RHB Bryan Wheeler
|
0-0: Foul Ball, location: 2F 0-1: Swinging Strike 0-2: Ball 1-2: Foul Ball, location: 2F 1-2: Strikes out swinging
|
|
Batting: RHB Jelexiz Cuenca
|
0-0: Called Strike 0-1: Called Strike 0-2: Ball 1-2: Fly out, F8 (Flyball, 8LS, EV 85.6 MPH)
|
| Bottom of the 3rd over - 0 runs, 1 hit, 0 errors, 1 left on base; Hartford 0 - Hagerstown 6 |
| TOP OF THE 4TH |
|
Hartford Yard Goats batting - Pitching for Hagerstown Suns : RHP Matt Seivert
|
|
Batting: LHB Nick Martin
|
0-0: Ball 1-0: Called Strike 1-1: Foul Ball, location: 2F 1-2: Strikes out swinging
|
|
Batting: RHB Matviy Oliynyk
|
0-0: Ball 1-0: Ground out 5-3 (Groundball, 5, EV 106.2 MPH)
|
|
Batting: RHB Andy Rayer
|
0-0: Swinging Strike 0-1: Ball 1-1: Swinging Strike 1-2: Strikes out swinging
|
| Top of the 4th over - 0 runs, 0 hits, 0 errors, 0 left on base; Hartford 0 - Hagerstown 6 |
| BOTTOM OF THE 4TH |
|
Hagerstown Suns batting - Pitching for Hartford Yard Goats : RHP Tanner Brazeal
|
|
Batting: RHB John McNeill
|
0-0: Called Strike 0-1: Ground out 6-3 (Groundball, 6, EV 99.4 MPH)
|
|
Batting: RHB Antonio Vallez
|
0-0: Called Strike 0-1: Ball 1-1: Ball 2-1: Swinging Strike 2-2: Foul Ball, location: 2F 2-2: Ball 3-2: Base on Balls
|
|
Pitching: RHP Curt De Kock
|
|
|
Batting: LHB Chance McWilliams
|
0-0: Ball 1-0: SINGLE (Line Drive, 8RS, EV 87.5 MPH) Antonio Vallez to second Runner from 2nd tries for 3rd, SAFE, throw by CF made to third
|
|
Batting: RHB Nick Moreno
|
0-0: Called Strike 0-1: Called Strike 0-2: SINGLE (Groundball, 4MD, EV 95.6 MPH) Antonio Vallez scores Chance McWilliams to second
|
|
Batting: RHB Seth Rutz
|
0-0: Foul Ball, location: 2F 0-1: Called Strike 0-2: Grounds into double play, 6-4-3 (Groundball, 6, EV 106.9 MPH)
|
| Bottom of the 4th over - 1 run, 2 hits, 0 errors, 1 left on base; Hartford 0 - Hagerstown 7 |
| TOP OF THE 5TH |
|
Hartford Yard Goats batting - Pitching for Hagerstown Suns : RHP Matt Seivert
|
|
Batting: LHB Georges Lambert
|
0-0: Called Strike 0-1: Ball 1-1: Foul Ball, location: 2F 1-2: Foul Ball, location: 2F 1-2: Foul Ball, location: 2F 1-2: Strikes out looking
|
|
Batting: SHB Ken Griffey IV
|
0-0: Foul Ball, location: 2F 0-1: Ball 1-1: Ball 2-1: Swinging Strike 2-2: Fly out, F7 (Flyball, 7LS, EV 91.2 MPH)
|
|
Batting: RHB Willie Benito
|
0-0: Ground out 5-3 (Groundball, 56S, EV 66.9 MPH)
|
| Top of the 5th over - 0 runs, 0 hits, 0 errors, 0 left on base; Hartford 0 - Hagerstown 7 |
| BOTTOM OF THE 5TH |
|
Hagerstown Suns batting - Pitching for Hartford Yard Goats : RHP Curt De Kock
|
|
Batting: RHB Deshawn Boseman
|
0-0: Ground out 6-3 (Groundball, 56, EV 108.8 MPH)
|
|
Batting: RHB Jim Towle
|
0-0: Ball 1-0: Ball 2-0: Ball 3-0: Base on Balls
|
|
Batting: RHB Bryan Wheeler
|
0-0: Ball Jim Towle steals 2nd base 1-0: Ground out 4-3 (Groundball, 4, EV 91.9 MPH) Jim Towle to third
|
|
Batting: RHB Jelexiz Cuenca
|
0-0: Called Strike 0-1: Foul Ball, location: 2F 0-2: Ball 1-2: Ball 2-2: Ball 3-2: Foul Ball, location: 2F 3-2: Base on Balls
|
|
Batting: RHB John McNeill
|
0-0: Ball 1-0: SINGLE (Groundball, 6MD, EV 101.9 MPH) Jim Towle scores Jelexiz Cuenca to second
|
|
Batting: RHB Antonio Vallez
|
0-0: Fielders Choice at 2nd, 4-6 (Groundball, 4MD, EV 85.6 MPH)
|
| Bottom of the 5th over - 1 run, 1 hit, 0 errors, 2 left on base; Hartford 0 - Hagerstown 8 |
| TOP OF THE 6TH |
|
Hartford Yard Goats batting - Pitching for Hagerstown Suns : RHP Matt Seivert
|
|
Batting: RHB Yamashita Yagi
|
0-0: Ball 1-0: Ball 2-0: Called Strike 2-1: Ball 3-1: Foul Ball, location: 2F 3-2: Foul Ball, location: 2F 3-2: Foul Ball, location: 2F 3-2: SINGLE (Groundball, 6MD, EV 94.4 MPH)
|
|
Batting: SHB Justin Jackson
|
0-0: SINGLE (Groundball, 25, EV 71.2 MPH) (infield hit) Yamashita Yagi to second
|
|
Batting: RHB Ighlas Mwara
|
0-0: Called Strike 0-1: Foul Ball, location: 2F 0-2: TRIPLE (Line Drive, 8RXD, EV 113.1 MPH) Yamashita Yagi scores Justin Jackson scores
|
|
Pinch Runner at 3rd Daniel Green:
|
|
|
Batting: LHB Nick Martin
|
0-0: Ball 1-0: Ground out 1-3 (Groundball, 13, EV 68.1 MPH)
|
|
Batting: RHB Matviy Oliynyk
|
0-0: Ball 1-0: Called Strike 1-1: Ground out 5-3 (Groundball, 5, EV 81.2 MPH)
|
|
Batting: RHB Andy Rayer
|
0-0: Foul Ball, location: 2F 0-1: Ball 1-1: Foul Ball, location: 2F 1-2: SINGLE (Groundball, 4M, EV 101.2 MPH) (infield hit) Daniel Green scores
|
|
Batting: LHB Georges Lambert
|
0-0: Called Strike 0-1: Ball 1-1: Ball 2-1: Foul Ball, location: 2F 2-2: Ball 3-2: Foul Ball, location: 2F 3-2: Strikes out swinging
|
| Top of the 6th over - 3 runs, 4 hits, 0 errors, 1 left on base; Hartford 3 - Hagerstown 8 |
| BOTTOM OF THE 6TH |
|
Hagerstown Suns batting - Pitching for Hartford Yard Goats : RHP Curt De Kock
|
|
Now in CF: Nick Martin
|
|
|
Now in RF: Daniel Green
|
|
|
Batting: LHB Chance McWilliams
|
0-0: Ball 1-0: Called Strike 1-1: Foul Ball, location: 2F 1-2: Ball 2-2: Fly out, F5 (Line Drive, 5L, EV 66.2 MPH)
|
|
Pitching: RHP Wilson Mendez
|
|
|
Batting: RHB Nick Moreno
|
0-0: Called Strike 0-1: Fly out, F7 (Line Drive, 7D, EV 89.4 MPH)
|
|
Batting: RHB Seth Rutz
|
0-0: SINGLE (Groundball, 6D, EV 101.9 MPH)
|
|
Batting: RHB Deshawn Boseman
|
0-0: DOUBLE (Line Drive, 9LM, EV 88.8 MPH) Seth Rutz to third Runner from 3rd tries for Home, throw by RF and OUT! 9-4-2
|
| Bottom of the 6th over - 0 runs, 2 hits, 0 errors, 1 left on base; Hartford 3 - Hagerstown 8 |
| TOP OF THE 7TH |
|
Hartford Yard Goats batting - Pitching for Hagerstown Suns : RHP Matt Seivert
|
|
Batting: SHB Ken Griffey IV
|
0-0: Fly out, F8 (Flyball, 8RM, EV 80.6 MPH)
|
|
Batting: RHB Willie Benito
|
0-0: Ball 1-0: Foul Ball, location: 2F 1-1: Ball 2-1: Foul Ball, location: 2F 2-2: Foul Ball, location: 2F 2-2: Ground out 5-3 (Groundball, 56S, EV 81.2 MPH)
|
|
Batting: RHB Yamashita Yagi
|
0-0: Called Strike 0-1: Foul Ball, location: 2F 0-2: Ball 1-2: Ball 2-2: Strikes out looking
|
| Top of the 7th over - 0 runs, 0 hits, 0 errors, 0 left on base; Hartford 3 - Hagerstown 8 |
| BOTTOM OF THE 7TH |
|
Hagerstown Suns batting - Pitching for Hartford Yard Goats : RHP Wilson Mendez
|
|
Batting: RHB Jim Towle
|
0-0: Swinging Strike 0-1: Swinging Strike 0-2: Ball 1-2: Strikes out looking
|
|
Batting: RHB Bryan Wheeler
|
0-0: Called Strike 0-1: Ball 1-1: Called Strike 1-2: SINGLE (Groundball, 6D, EV 103.1 MPH)
|
|
Batting: RHB Jelexiz Cuenca
|
0-0: Hit by Pitch Bryan Wheeler to second
|
|
Batting: RHB John McNeill
|
0-0: Ball 1-0: Called Strike 1-1: Foul Ball, location: 2F 1-2: Ball 2-2: Fielders Choice at 2nd, 5-4 (Groundball, 56, EV 82.5 MPH) Bryan Wheeler to third
|
|
Batting: RHB Antonio Vallez
|
0-0: Fly out, F7 (Flyball, 7, EV 90.0 MPH)
|
| Bottom of the 7th over - 0 runs, 1 hit, 0 errors, 2 left on base; Hartford 3 - Hagerstown 8 |
| TOP OF THE 8TH |
|
Hartford Yard Goats batting - Pitching for Hagerstown Suns : RHP Matt Seivert
|
|
Batting: SHB Justin Jackson
|
0-0: Ball 1-0: Ball 2-0: Ball 3-0: Called Strike 3-1: Ground out U3 (Groundball, 3, EV 83.1 MPH)
|
|
Pitching: RHP Bastien Perrini
|
|
|
Batting: LHB Daniel Green
|
0-0: Foul Ball, location: 2F 0-1: Swinging Strike 0-2: Ball 1-2: Ground out 4-3 (Groundball, 4, EV 76.2 MPH)
|
|
Batting: LHB Nick Martin
|
0-0: Fly out, F4 (Popup, 4MS, EV 76.9 MPH)
|
| Top of the 8th over - 0 runs, 0 hits, 0 errors, 0 left on base; Hartford 3 - Hagerstown 8 |
| BOTTOM OF THE 8TH |
|
Hagerstown Suns batting - Pitching for Hartford Yard Goats : RHP Wilson Mendez
|
|
Batting: LHB Chance McWilliams
|
0-0: Ball 1-0: Ball 2-0: Ball 3-0: Base on Balls
|
|
Batting: RHB Nick Moreno
|
0-0: Hit by Pitch Chance McWilliams to second
|
|
Batting: RHB Seth Rutz
|
0-0: Swinging Strike 0-1: Ball 1-1: SINGLE (Groundball, 3D, EV 106.2 MPH) Chance McWilliams to third Nick Moreno to second
|
|
Batting: RHB Deshawn Boseman
|
0-0: Called Strike 0-1: Ball 1-1: Ball 2-1: Ball 3-1: Called Strike 3-2: Foul Ball, location: 2F 3-2: Foul Ball, location: 2F 3-2: SINGLE (Line Drive, 8RS, EV 106.9 MPH) Chance McWilliams scores Nick Moreno to third Seth Rutz to second
|
|
Pitching: RHP Gorgonio Sigua
|
|
|
Batting: RHB Jim Towle
|
0-0: Foul Ball, location: 2F 0-1: GRAND SLAM HOME RUN (Flyball, 78XD, EV 100.6 MPH), Distance : 395 ft
|
|
Batting: LHB Bobby Adams
|
0-0: SINGLE (Flyball, 8RM, EV 81.2 MPH)
|
|
Batting: RHB Jelexiz Cuenca
|
0-0: Ball 1-0: Fielders Choice at 2nd, 4-6 (Groundball, 4, EV 84.4 MPH)
|
|
Batting: RHB John McNeill
|
0-0: Called Strike 0-1: SINGLE (Groundball, 6MD, EV 98.1 MPH) Jelexiz Cuenca to second
|
|
Batting: RHB Antonio Vallez
|
0-0: Called Strike 0-1: Foul Ball, location: 2F 0-2: Ball 1-2: Ball 2-2: 3-RUN HOME RUN (Flyball, 7D, EV 96.9 MPH), Distance : 379 ft
|
|
Pitching: RHP Ryan Squire
|
|
|
Batting: LHB Chance McWilliams
|
0-0: Called Strike 0-1: Ball 1-1: Ball 2-1: Foul Ball, location: 2F 2-2: Foul Ball, location: 2F 2-2: Ball 3-2: Strikes out swinging
|
|
Batting: RHB Nick Moreno
|
0-0: Swinging Strike 0-1: Fly out, F7 (Flyball, 7LSF, EV 95.0 MPH)
|
| Bottom of the 8th over - 8 runs, 6 hits, 0 errors, 0 left on base; Hartford 3 - Hagerstown 16 |
| TOP OF THE 9TH |
|
Hartford Yard Goats batting - Pitching for Hagerstown Suns : RHP Bastien Perrini
|
|
Batting: RHB Matviy Oliynyk
|
0-0: Called Strike 0-1: Foul Ball, location: 2F 0-2: Ball 1-2: Foul Ball, location: 2F 1-2: Ball 2-2: Strikes out swinging
|
|
Batting: RHB Andy Rayer
|
0-0: Swinging Strike 0-1: Ball 1-1: Fly out, F4 (Popup, 34S, EV 81.2 MPH)
|
|
Batting: LHB Georges Lambert
|
0-0: Ball 1-0: Swinging Strike 1-1: Foul Ball, location: 2F 1-2: Strikes out swinging
|
| Top of the 9th over - 0 runs, 0 hits, 0 errors, 0 left on base; Hartford 3 - Hagerstown 16 |
|